Map: Efflorescence LE

Players

IXIwoolyIXI

  • Race: Terran Terran
  • League: Silver
  • Spawn Location: 6:00

Charlatan

  • Race: Zerg Zerg
  • League: Gold
  • Spawn Location: 9:00

Cthulhu - Winner!

  • Race: Terran Terran
  • Spawn Location: 3:00

Throwfordays - Winner!

  • Race: Protoss Protoss
  • League: Silver
  • Spawn Location: 12:00

VOD

Have the link to the VOD?

Description

Time

  • Played on: July 19, 2020, 8:25 p.m.
  • Length: 18:55
Show
View Real Time Build Order
Export as new Build Order

IXIwoolyIXI Terran 

Build Orders:  

Get SALT Encoding   

  12  0:01  SCV  
  13  0:13  SCV  
  14  0:21  Supply Depot  
  14  0:26  Refinery  
  14  0:29  SCV  
  15  0:37  Refinery  
  15  0:43  SCV  
  16  0:55  Barracks  
  16  1:04  SCV  
  17  1:15  Supply Depot  
  17  1:16  SCV  
  18  1:28  SCV  
  19  1:40  SCV  
  19  1:46  Factory  
  20  1:50  Marine  
  21  1:54  SCV  
  22  2:03  Supply Depot  
  22  2:07  SCV  
  23  2:20  SCV  
  24  2:32  Starport, Factory Tech Lab  
  24  2:33  SCV  
  25  2:40  Marine  
  26  2:55  SCV  
  27  3:11  Starport Tech Lab  
  27  3:13  Fusion Core, Siege Tank  
  27  3:15  Marine  
  27  3:16  SCV  
  32  3:21  Supply Depot  
  32  3:29  Orbital Command  
  32  3:33  Marine  
  33  3:52  Marine, Factory Tech Lab  
  34  4:01  Battlecruiser  
  40  4:10  Starport  
  40  4:17  Marine  
  41  4:37  Command Center  
  41  5:02  Battlecruiser  
  47  5:10  Engineering Bay  
  47  5:48  Marine  
  48  6:06  Marine  
  49  6:24  Marine  
  50  6:42  Marine  
  51  6:48  SCV x2  
  53  7:00  SCV x2  
  55  7:02  Barracks  
  55  7:03  Barracks  
  55  7:05  Weapon Refit  
  55  7:06  Barracks  
  55  7:10  Barracks  
  55  7:12  Barracks Reactor, SCV x2  
  57  7:24  SCV  
  57  7:29  Engineering Bay  
  58  7:32  SCV  
  58  7:36  SCV  
  60  7:57  Battlecruiser  
  66  7:59  Supply Depot  
  66  8:21  Battlecruiser  
  66  8:22  Supply Depot  
  48  8:44  Supply Depot  
  48  8:58  Barracks Tech Lab  
  48  8:59  Barracks Tech Lab  
  48  9:00  Barracks Tech Lab  
  48  9:01  Barracks Reactor  
  48  9:05  SCV  
  50  9:16  Orbital Command  
  49  9:18  SCV  
  49  9:19  Stimpack  
  49  9:20  Combat Shield  
  49  9:22  Concussive Shells  
  50  9:30  SCV  
  51  9:42  SCV  
  51  9:45  Marine x4, Marauder x3  
  59  9:51  Medivac x2  
  66  9:54  SCV  
  67  10:03  Marine x4  
  67  10:05  Rapid Reignition System  
  71  10:13  Marauder x3  
  77  10:21  Medivac x2  
  77  10:26  Marine x2  
  77  10:27  Marine x2  
  85  10:34  Marine x2, Marauder  
  91  10:57  Marine, Marauder x2  
  91  11:03  Supply Depot  
  94  11:08  Terran Infantry Weapons Level 1  
  94  11:25  Marine x4, Supply Depot, Marauder x2  
  102  11:26  SCV  
  103  11:38  SCV  
  104  11:48  Supply Depot  
  104  11:56  SCV, Armory  
  104  12:00  SCV  
  106  12:08  SCV  
  106  12:12  SCV  
  108  12:21  SCV  
  109  12:24  SCV  
  110  12:33  SCV  
  110  12:35  Marine x4, Marauder x3  
  121  12:53  Terran Infantry Armor Level 1  
  121  12:56  Command Center  
  121  13:02  Refinery  
  121  13:17  Supply Depot  
  121  13:18  Thor  
  127  13:43  Marine x2, Marauder  
  127  13:44  Marine x2, Marauder x2  
  127  13:48  Supply Depot  
  134  14:33  SCV x2  
  134  14:37  Marine x4, Marauder x3  
  146  14:45  SCV x2  
  147  14:57  SCV  
  128  15:30  Marine x2, Marauder x2  
  128  15:31  Marine x2, Marauder  
  138  15:48  Marine x3  
  138  15:49  Marine  
  142  15:51  Marine x2  
  142  15:52  Marauder  
  146  16:06  Marine x4  
  146  16:09  Marine x2  
  148  16:12  Marine  
  148  16:14  Medivac  
  148  16:15  Medivac  
  153  16:21  Terran Infantry Weapons Level 2  
  153  16:23  Terran Infantry Armor Level 2  
  153  16:24  Marine x4  
  157  16:27  Marine x2  
  157  16:30  Marine  
  157  16:31  SCV  
  161  16:33  SCV  
  161  16:35  SCV  
  163  16:43  SCV  
  163  16:45  Marine  
  165  17:29  Marine x2  
  165  17:31  Marine x3  
  165  17:32  Marine, SCV x2  
  165  17:33  Marine, Medivac  
  165  17:35  Thor, Medivac  
  172  17:44  SCV  
  172  17:47  Marine  
  173  17:55  Supply Depot  
  173  18:02  Marine, SCV  
  173  18:11  Medivac x2  
  173  18:14  SCV  
  173  18:17  Supply Depot  
  138  18:29  Marine x4  
  138  18:30  Marine x3  
Show
View Real Time Build Order
Export as new Build Order

Charlatan Zerg 

Build Orders: Pool First 

Get SALT Encoding   

  12  0:08  Drone  
  12  0:09  Drone  
  14  0:17  Overlord  
  14  0:37  Drone x2  
  14  0:41  Drone  
  17  0:54  Drone  
  18  0:57  Spawning Pool  
  18  0:59  Extractor  
  18  1:02  Drone  
  17  1:13  Drone  
  18  1:28  Drone, Hatchery  
  18  1:37  Overlord  
  18  1:43  Queen  
  20  1:47  Drone  
  21  1:56  Drone  
  22  2:04  Metabolic Boost  
  22  2:07  Drone  
  23  2:17  Overlord  
  23  2:21  Queen  
  25  2:28  Drone  
  26  2:39  Drone  
  27  2:47  Queen  
  27  2:50  Zergling x2  
  27  2:51  Drone, Overlord  
  30  2:52  Drone  
  30  2:56  Extractor  
  31  2:59  Evolution Chamber  
  31  3:04  Evolution Chamber  
  29  3:08  Zergling x2  
  29  3:09  Zergling x2  
  29  3:12  Zergling x2  
  32  3:15  Zergling x2  
  33  3:22  Zergling x2  
  33  3:24  Zergling x4  
  36  3:42  Drone x3  
  36  3:43  Drone x2  
  36  3:47  Extractor  
  40  3:52  Zergling x2  
  41  3:55  Zerg Melee Weapons Level 1  
  41  4:03  Zerg Ground Armor Level 1  
  41  4:06  Drone  
  42  4:15  Lair  
  42  4:29  Drone x4  
  42  4:30  Drone  
  46  4:53  Zergling x2  
  46  4:54  Zergling x10  
  45  5:38  Spire  
  45  5:40  Extractor, Drone x6  
  45  5:41  Drone x2  
  51  5:44  Overlord x4  
  44  6:02  Zergling x6  
  46  6:10  Queen  
  45  6:16  Zergling x6  
  45  6:17  Zergling x2  
  45  6:23  Zergling x6  
  43  6:29  Zergling x2  
  43  6:30  Zerg Melee Weapons Level 2  
  43  6:31  Zerg Ground Armor Level 2  
  43  6:36  Zergling x2  
  39  6:55  Drone x4  
  39  6:56  Drone x4  
  47  7:23  Zergling x6  
  47  7:24  Zergling x12  
  47  7:26  Zerg Flyer Weapons Level 1  
  56  7:34  Drone x2  
  58  7:52  Hatchery  
  57  8:02  Zergling x8  
  57  8:03  Zergling x10  
  57  8:04  Baneling Nest  
  57  8:05  Zergling x2  
  66  8:26  Drone x4  
  53  9:02  Mutalisk x8  
  52  9:03  Mutalisk  
  52  9:08  Queen  
  70  9:22  Drone x3  
  73  9:24  Overlord x3  
  73  9:42  Mutalisk x2  
  73  9:43  Mutalisk x2  
  81  9:51  Mutalisk x2  
  83  9:55  Mutalisk  
  79  10:14  Drone  
  79  10:15  Drone x8  
  84  10:22  Zergling x2  
  84  10:23  Zergling x2  
  86  10:39  Drone x5  
  86  10:40  Drone  
  86  11:23  Mutalisk x2  
  86  11:24  Mutalisk x6  
  90  11:46  Queen  
  92  11:49  Spore Crawler x2, Drone x3  
  93  11:59  Corruptor  
  93  12:00  Corruptor  
  97  12:02  Zergling x2  
  94  12:43  Corruptor x2  
  98  12:45  Overlord x4  
  98  12:46  Overlord x6  
  98  12:47  Overlord  
  89  13:28  Zergling x6  
  89  13:29  Zergling x24  
  104  13:43  Drone x3  
  75  14:15  Zergling x6  
  55  14:38  Drone  
  55  14:39  Drone x7  
  55  14:56  Drone x3  
  57  15:05  Mutalisk x3  
  61  15:07  Infestation Pit  
  54  15:20  Drone  
  54  15:21  Drone x3  
  55  15:28  Hatchery  
  50  15:45  Mutalisk x2  
  50  15:46  Mutalisk x5  
  50  15:47  Mutalisk x2  
  64  15:59  Lair, Mutalisk  
  64  16:00  Mutalisk x4  
  64  16:18  Mutalisk x4  
  31  17:27  Spire  
  30  17:30  Spawning Pool  
Show
View Real Time Build Order
Export as new Build Order

Cthulhu Terran - Winner!

Build Orders: 2 Factory, Mech 

Get SALT Encoding   

  12  0:02  SCV  
  13  0:14  SCV  
  14  0:22  Supply Depot  
  14  0:26  SCV  
  15  0:38  Refinery  
  15  0:44  SCV  
  15  0:47  Barracks  
  16  0:56  SCV  
  17  1:08  SCV  
  18  1:23  SCV  
  19  1:38  Supply Depot  
  19  1:39  Command Center  
  19  1:42  SCV  
  20  1:55  Factory  
  20  2:02  SCV  
  20  2:03  Marine  
  22  2:14  Bunker  
  22  2:17  SCV  
  22  2:22  Marine  
  24  2:31  SCV  
  25  2:39  Factory Tech Lab  
  25  2:41  Factory  
  25  2:42  Marine  
  26  2:47  Supply Depot  
  26  2:56  SCV  
  27  2:59  Orbital Command  
  27  3:06  Marine  
  27  3:10  Infernal Pre-Igniter  
  28  3:16  Hellion  
  30  3:23  Supply Depot  
  30  3:26  SCV  
  31  3:33  Orbital Command  
  31  3:42  SCV  
  34  3:53  Factory Reactor  
  34  3:55  Hellion  
  34  4:05  Supply Depot  
  34  4:11  Factory  
  34  4:16  SCV  
  35  4:17  Marine  
  35  4:20  Hellion  
  38  4:27  Supply Depot  
  38  4:29  Hellion  
  38  4:30  Hellion  
  42  4:33  SCV  
  42  4:34  SCV  
  42  4:36  Refinery  
  44  4:40  Marine  
  47  4:50  Siege Tank  
  48  4:58  SCV x2  
  50  5:11  SCV x2  
  50  5:12  Marine  
  50  5:13  Hellion x2  
  57  5:28  SCV x2  
  52  5:29  Widow Mine  
  52  5:34  Widow Mine  
  54  5:57  Marine, SCV x2  
  48  5:59  Widow Mine x2  
  48  6:01  Engineering Bay  
  53  6:07  Hellion  
  53  6:09  SCV, Hellion  
  58  6:15  Marine  
  59  6:30  SCV  
  59  6:31  Hellion  
  59  6:32  Hellion x2  
  66  6:48  Hellion  
  68  7:03  SCV x2  
  68  7:04  Hellion  
  68  7:05  Factory Reactor, Hellion  
  74  7:33  SCV x2  
  74  7:35  Hellion  
  78  7:42  Marine  
  78  7:43  Hellion x2  
  83  7:45  Refinery, Armory  
  83  7:53  Hellion  
  83  7:54  Hellion  
  87  8:09  Command Center  
  65  8:58  SCV x2  
  65  8:59  Hellion  
  65  9:00  Hellion  
  61  9:36  Terran Vehicle Weapons Level 1  
  57  10:17  SCV  
  57  10:18  SCV  
  57  10:19  Widow Mine x5  
  61  10:23  Orbital Command  
  60  10:31  Sensor Tower, Missile Turret  
  60  10:33  Missile Turret  
  60  10:34  Missile Turret x2  
  60  10:35  Missile Turret x3  
  58  10:43  Missile Turret  
  58  10:48  Drilling Claws  
  57  11:07  Refinery, Missile Turret  
  57  11:08  SCV x2, Missile Turret  
  57  11:09  Missile Turret x2  
  57  11:10  Missile Turret  
  59  11:12  Missile Turret  
  59  11:14  Refinery, Missile Turret  
  59  11:16  Missile Turret  
  59  11:29  SCV x2  
  59  11:31  Hellion x4  
  69  11:35  Refinery  
  69  11:47  SCV  
  69  11:48  SCV  
  71  11:56  Barracks Tech Lab  
  68  12:18  SCV  
  68  12:19  SCV  
  61  12:53  Hellion  
  61  12:54  Hellion x4  
  69  12:59  Terran Vehicle Weapons Level 2  
  67  13:07  Starport, Factory  
  67  13:09  SCV x2  
  69  13:15  Hellion  
  69  13:16  Command Center  
  71  13:21  Command Center  
  71  13:41  SCV x2  
  71  13:42  Hellion  
  71  13:43  Hellion x4  
  83  13:52  Command Center  
  83  14:15  SCV x2  
  76  14:17  Hellion  
  76  14:18  Hellion x3  
  74  14:39  SCV x2  
  74  14:44  Hellion  
  68  15:20  SCV x2  
  66  15:21  Hellion  
  66  15:22  Hellion x2  
  68  15:30  Hellion x2  
  68  15:32  Factory Reactor  
  68  15:35  Starport Tech Lab  
  72  15:43  Hellion  
  72  15:47  Hellion, Command Center  
  76  15:59  Missile Turret x2  
  76  16:06  Missile Turret  
  76  16:09  Missile Turret  
  76  16:10  Missile Turret  
  76  16:12  Missile Turret  
  76  16:13  Missile Turret  
  72  16:27  SCV  
  72  16:28  SCV  
  72  16:31  Hellion  
  72  16:32  Hellion x6  
  88  16:48  Orbital Command  
  88  17:01  Orbital Command  
  88  17:02  SCV  
  88  17:03  Hellion  
  88  17:06  Marauder  
  88  17:07  Concussive Shells  
  93  17:14  SCV  
  94  17:17  Widow Mine x5  
  94  17:20  Thor  
  110  17:24  Refinery  
  110  17:25  Widow Mine  
  110  17:27  Refinery  
Show
View Real Time Build Order
Export as new Build Order

Throwfordays Protoss - Winner!

Build Orders: Carriers 

Get SALT Encoding   

  12  0:01  Probe  
  13  0:13  Probe  
  14  0:20  Pylon  
  14  0:25  Probe  
  15  0:38  Probe  
  15  0:39  Gateway  
  16  0:48  Pylon  
  16  0:51  Probe  
  17  0:57  Assimilator  
  17  1:03  Probe  
  18  1:15  Probe  
  19  1:27  Cybernetics Core  
  19  1:30  Gateway  
  19  1:33  Probe  
  19  1:36  Warp Gate  
  20  1:57  Nexus  
  20  2:07  Adept  
  22  2:18  Assimilator, Adept  
  24  2:27  Probe  
  25  2:39  Probe  
  26  2:49  Stalker x2  
  30  2:51  Probe  
  31  3:05  Pylon  
  31  3:09  Probe  
  32  3:17  Probe  
  33  3:21  Probe  
  33  3:25  Probe  
  34  3:33  Probe x2  
  36  3:40  Twilight Council  
  37  3:43  Forge  
  37  3:45  Probe  
  38  3:49  Adept  
  38  3:50  Adept  
  38  3:55  Assimilator, Probe  
  43  4:00  Assimilator  
  43  4:11  Probe  
  44  4:18  Pylon  
  44  4:21  Stargate  
  44  4:22  Stargate  
  44  4:23  Probe  
  45  4:31  Probe  
  46  4:35  Probe  
  47  4:43  Probe  
  48  4:47  Probe  
  49  4:55  Probe  
  50  5:33  Nexus, Photon Cannon  
  50  5:34  Stalker x2  
  54  5:37  Photon Cannon  
  54  5:39  Fleet Beacon  
  54  5:40  Pylon  
  54  5:41  Probe  
  54  5:44  Protoss Air Weapons Level 1  
  54  5:49  Probe  
  47  5:59  Probe  
  47  6:00  Stalker x2  
  46  6:11  Probe  
  46  6:14  Photon Cannon  
  44  6:20  Probe  
  45  6:28  Probe  
  46  6:34  Void Ray  
  46  6:37  Probe  
  43  6:48  Probe  
  43  6:52  Pylon  
  40  6:55  Probe  
  40  6:58  Probe  
  40  7:00  Probe  
  43  7:07  Probe  
  44  7:10  Probe  
  44  7:12  Probe  
  44  7:13  Tempest  
  51  7:24  Probe  
  51  7:28  Tempest  
  57  7:30  Flux Vanes  
  57  7:36  Probe  
  58  7:38  Photon Cannon  
  58  7:39  Probe  
  59  7:44  Probe  
  59  7:45  Probe  
  59  7:51  Photon Cannon, Probe  
  62  7:53  Photon Cannon, Probe  
  63  8:01  Tempest  
  63  8:05  Probe  
  69  8:17  Probe  
  70  8:25  Protoss Air Weapons Level 2  
  70  8:53  Tempest x2  
  70  8:55  Probe  
  80  8:56  Stargate  
  80  9:01  Probe  
  82  9:03  Probe  
  82  9:05  Probe  
  82  9:09  Assimilator  
  84  9:13  Assimilator, Pylon, Probe x2  
  84  9:15  Pylon  
  86  9:17  Probe  
  86  9:24  Protoss Shields Level 1  
  87  9:25  Probe  
  87  9:30  Blink  
  88  9:46  Probe  
  89  9:58  Nexus, Probe  
  90  10:01  Assimilator  
  90  10:03  Tempest x3  
  90  10:05  Stargate  
  90  10:06  Assimilator, Stargate  
  105  10:09  Pylon, Stargate  
  105  10:18  Pylon  
  79  11:04  Phoenix x3  
  90  11:20  Anion Pulse-Crystals, Pylon  
  85  11:31  Charge  
  84  11:35  Phoenix x2  
  84  11:43  Probe  
  84  11:45  Probe  
  86  11:55  Probe  
  86  11:57  Probe  
  88  12:06  Probe x2  
  89  12:10  Pylon, Probe  
  89  12:13  Pylon  
  89  12:14  Probe  
  89  12:15  Probe  
  91  12:17  Pylon  
  91  12:18  Probe  
  91  12:19  Probe  
  91  12:20  Pylon  
  95  12:23  Probe  
  95  12:24  Probe  
  95  12:27  Probe, Phoenix, Carrier x4  
  121  12:32  Probe  
  121  12:34  Probe  
  121  12:35  Protoss Air Weapons Level 3  
  121  12:36  Probe  
  125  12:39  Probe  
  125  12:44  Probe  
  127  12:46  Probe  
  127  12:48  Probe  
  129  12:51  Probe  
  129  12:56  Probe  
  131  13:00  Probe  
  131  13:01  Carrier x2  
  144  13:08  Probe x2  
  144  13:12  Probe  
  147  13:16  Probe  
  148  13:21  Probe  
  148  13:24  Probe  
  150  13:28  Probe  
  150  13:33  Probe  
  152  13:40  Probe  
  153  13:44  Void Ray x2  
  153  13:45  Probe  
  162  13:49  Pylon  
  162  13:50  Pylon  
  162  13:51  Void Ray  
  162  13:53  Pylon  
  162  13:54  Void Ray  
  162  13:55  Pylon  
  162  13:57  Probe  
  160  14:23  Carrier  
  172  14:24  Carrier  
  172  14:28  Protoss Shields Level 2  
  172  14:42  Probe  
  172  14:44  Probe  
  174  14:54  Probe  
  174  14:56  Probe  
  173  15:06  Probe  
  174  15:08  Probe  
  175  15:18  Probe  
  175  15:20  Probe  
  177  15:31  Probe  
  177  15:32  Probe  
  173  17:01  Carrier x2  
  173  17:02  Carrier  
  191  17:12  Pylon  
  191  17:14  Pylon  
  191  17:15  Pylon  
  191  17:18  Pylon  
  191  17:30  Carrier  
  197  17:50  Nexus  
  197  17:52  Assimilator  
  197  17:57  Assimilator  
Tags
 
Add a new tag
Caveats
  • Supply blocks, unpowered buildings, or Contaminate may cause inaccurate times.
  • Supply counts are checked every 10 seconds.